 Dungeon Crawl Stone Soup version 0.24.0-37-gcf1ca852f1 (webtiles) character file.

Game seed: 569988291770881488, levelgen mode: deterministic

21 PentaManta the Ducker (level 2, 0/31 HPs)
             Began as an Octopode Berserker on Dec 1, 2019.
             Was a Follower of Trog.
             Succumbed to an adder's poison
             ... on level 2 of the Dungeon.
             The game lasted 00:00:54 (499 turns).

PentaManta the Ducker (Octopode Berserker)           Turns: 499, Time: 00:00:54

Health: 0/31       AC:  1    Str: 21    XL:     2   Next: 87%
Magic:  2/2        EV: 14    Int:  9    God:    Trog [*.....]
Gold:   17         SH:  0    Dex: 11    Spells: 1/1 levels left

rFire    . . .     SeeInvis .     - Unarmed
rCold    . . .     Gourm    .   (no shield)
rNeg     . . .     Faith    .   (helmet restricted)
rPois    .         Spirit   .   (no amulet)
rElec    .         Reflect  .   (no ring)
rCorr    .         Harm     .   (no ring)
MR       .....                  (no ring)
Stlth    ..........             (no ring)
HPRegen  0.10/turn              (no ring)
MPRegen  0.08/turn              (no ring)
                                (no ring)
                                (no ring)

@: berserking, lethally poisoned (0 -> -19), very quick
A: almost no armour, stealthy swim, amphibious, 8 rings, constrict 8, camouflage
1, gelatinous body 1
a: Berserk, Renounce Religion


You were on level 2 of the Dungeon.
You worshipped Trog.
Trog was aware of your devotion.
You were not hungry.

You visited 1 branch of the dungeon, and saw 2 of its levels.

You collected 17 gold pieces.

Inventory:

Missiles
 e - 5 atropa-tipped darts (quivered)
Jewellery
 d - a +5 ring of dexterity {unknown}
Scrolls
 b - a scroll of identify {unknown}
 g - a scroll of random uselessness {unknown}
Potions
 c - 2 potions of cancellation {unknown}
 f - a potion of resistance {unknown}
 h - a potion of haste {unknown}
Comestibles
 a - 2 rations


   Skills:
 + Level 3.2 Fighting
 * Level 3.5 Dodging
 + Level 3.2 Unarmed Combat


You had one spell level left.
You didn't know any spells.
Your spell library was empty.

Dungeon Overview and Level Annotations

Branches:
Dungeon (1/15)

Altars:


Innate Abilities, Weirdness & Mutations

You cannot wear most types of armour.
You are very stealthy in the water. (Stealth+)
You are amphibious.
You can wear up to eight rings at the same time.
You can use your tentacles to constrict eight enemies at once.
Your skin changes colour to match your surroundings (Stealth+).
Your rubbery body absorbs attacks. (AC +1, EV +1)


Message History

The adder is lightly wounded.
The adder bites you.
You are lethally poisoned!
The adder poisons you!
You are too injured to fight recklessly!
You are too injured to fight recklessly!
You barely miss the adder. Your grab misses the adder.
The adder is lightly wounded.
You feel sick. The adder closely misses you.
You tentacle-slap the adder but do no damage.
Your grab misses the adder.
The adder is lightly wounded.
You feel sick. The adder bites you.
* * * LOW HITPOINT WARNING * * *
You are more poisoned.
The adder poisons you! The adder bites you.
* * * LOW HITPOINT WARNING * * *
A red film seems to cover your vision as you go berserk!
You feel yourself moving faster!
You feel mighty!
You feel a lot more hungry.
You die...

#.#.## #.###
###.# #...#
#...# #...#
##.## # #.#
#######....
#.####..@S......
#......#####....
######## #


You could see an adder.

Vanquished Creatures
  3 giant cockroaches (D:1)
  2 goblins (D:1)
  A hobgoblin (D:1)
  2 ball pythons (D:1)
  A bat (D:1)
  3 frilled lizards (D:1)
  7 kobolds
  4 rats
23 creatures vanquished.

Notes
Turn   | Place    | Note
-------+----------+-------------------------------------------
     0 | D:1      | PentaManta the Octopode Berserker began the quest for the
                  | Orb.
     0 | D:1      | Reached XP level 1. HP: 16/16 MP: 1/1
   136 | D:1      | Reached XP level 2. HP: 21/21 MP: 2/2
   451 | D:1      | You fall into a shaft and drop 1 floor!
   498 | D:2      | HP: 1/21 [adder (3)]
   499 | D:2      | Succumbed to an adder's poison

Levels and vault maps discovered:
D:1:      erik_arrival_cave_to_civilisation [erik_arrival_cave_to_hall],
          layout_basic, nrook_mini_vaults, hangedman_feature_mirror
D:2:      layout_loops_corners, tso_oasis_becter,
          chequers_ecumenical_altar_simple_redux, minmay_joined_circles

Action                   || total
-------------------------++-------
Melee: Unarmed           ||    41
       Constrict         ||    10
       Tentacles         ||    10
Invok: Berserk           ||     1
 Stab: Sleeping          ||     4
       Distracted        ||     1
Armor: Skin              ||     3
Dodge: Dodged            ||    25
